 Dungeon Crawl Stone Soup version 0.31-a0-981-geadf994542 (webtiles) character file.

Game seed: 10174949879867563009

222 kae the Changeling (level 5, 0/45 HPs)
             Began as a Draconian Shapeshifter on Oct 31, 2023.
             Slain by a rat (3 damage)
             ... summoned by Eustachio
             ... on level 4 of the Dungeon.
             The game lasted 00:02:10 (2446 turns).

kae the Changeling (Draconian Shapeshifter)         Turns: 2446, Time: 00:02:11

Health: 0/45       AC:  5    Str: 16    XL:     5   Next: 66%
Magic:  5/5        EV: 12    Int: 11    God:
Gold:   64         SH:  0    Dex: 12    Spells: 4/4 levels left

rFire   . .          .
                       - Unarmed
rCold   . . .        (no shield)
rNeg    . . .        (body armour unavailable)
rPois   .            (helmet currently unavailable)
rElec   .            (cloak currently unavailable)
rCorr   .            (gloves currently unavailable)
SInv    .            (boots currently unavailable)
Will    .....        g - amulet of regeneration
Stlth   +            (no ring)
HPRegen 1.07/turn    (no ring)
MPRegen 0.09/turn

%: no passive effects
@: brilliant, beast-form
A: beast (slay +2), AC +5, unfitting armour, cold-blooded
a: Begin Untransformation


You were on level 4 of the Dungeon.
You were a hulking beast.
You visited 1 branch of the dungeon, and saw 4 of its levels.

You collected 154 gold pieces.
You spent 90 gold pieces at shops.


Innate Abilities, Weirdness & Mutations

You are a hulking beast.
Your limbs bulge with bestial killing power. (Slay +2)
Your plain brown scales are hard. (AC +5)
You cannot fit into any form of body armour.
You are cold-blooded and may be slowed by cold attacks.


   Skills:
 + Level 3.1 Fighting
 - Level 1.7 Dodging
 + Level 4.1 Unarmed Combat
 * Level 4.7 Shapeshifting


You had 4 spell levels left.
You didn't know any spells.
Your spell library contained the following spells:

 Spells                   Type           Power      Damage    Failure   Level
 Sublimation of Blood     Necr           0%         N/A       47%         2
 Wereblood                Tmut           0%         N/A       47%         2
 Summon Guardian Golem    Hex/Summ       0%         N/A       71%         3
 Iskenderun's Battlesphe  Conj           0%         2d6       100%        5
 Bombard                  Conj/Erth      0%         9d1       100%        6
 Orb of Destruction       Conj           0%         9d5       100%        7
 Spellforged Servitor     Conj/Summ      0%         N/A       100%        7
 Summon Hydra             Summ           0%         N/A       100%        7

Inventory:

Hand Weapons
 a - a +2 heavy dagger
   (You found it on level 2 of the Dungeon)
Missiles
 d - 36 stones
 i - 17 poisoned darts
 j - 5 darts of dispersal {=f!f}
Jewellery
 g - an amulet of regeneration (around neck)
   (You found it on level 2 of the Dungeon)
Talismans
 b - a beast talisman
 c - a flux talisman
 e - a blade talisman
   (You found it on level 3 of the Dungeon)
Wands
 p - a wand of charming (10)
   (You found it on level 3 of the Dungeon)
Potions
 h - 3 potions of curing {@q1}
 l - 2 potions of degeneration {!q}
 m - a potion of ambrosia
 n - a potion of brilliance

Dungeon Overview and Level Annotations

Branches:
Dungeon (4/15) Zot: 21542
 Temple: D:4-7

Altars:
Trog
The Shining One

Shops:
D:3 !

Annotations:
D:4 Eustachio

#..# #...... #..########
##..#... ##........#
#..###.. ###.........##
#.##_##. ##............##
#..##'..
#..............###...#...
#.....ro)@......###.....~
#....robo5......###....P~
......5rh.........##.⌠..P
.........................
.......................##
.........................
...................####..
...................# ###
..................## #
#...(............# #
...K..# #


You could see Eustachio, a river rat (summoned), 2 ufetubi, 3 orcs, a quokka
(summoned), a bat (summoned) and a rat (summoned).


Message History

It was a potion of magic.
Magic courses through your body. The orc priest completely misses you.
The orc misses you. The orc hits you with a +0 club.
The orc hits you with a +0 hand axe.
* * * LOW HITPOINT WARNING * * *
Eustachio screams, "At last I'll have my revenge!" 😨 HP[-4]
You take 4 damage, and now have 22/45 hp.
It was a potion of ambrosia.
You are confused.
You feel invigorated. The orc barely misses you.
The orc hits you but does no damage.
The orc priest invokes the aid of Beogh against you.
Pain shoots through your body!
* * * LOW HITPOINT WARNING * * *
The orc barely misses you. 😨 HP[-1]
You take 1 damage, and now have 21/45 hp.
Okay, then.
You miss the orc.
Your tail-slap misses the orc. 😮 HP[+4]
You regained 4 hp, and now have 25/45 hp.
Unknown command.
The orc hits you with a +0 war axe. The orc barely misses you. 😮 HP[+3]
You regained 3 hp, and now have 28/45 hp.
You hit the orc priest.
Eustachio gestures wildly while chanting.
The orc priest hits you with a +0 flail.
The orc hits you with a +0 war axe. The orc misses you. 😮 HP[+2]
You regained 2 hp, and now have 30/45 hp.
Unknown command.
You feel less invigorated.
You feel less confused. Eustachio hits you with a +0 rapier!
The orc attacks as it pursues you! The orc barely misses you.
The orc priest barely misses you. 😮 HP[-5]
You take 5 damage, and now have 25/45 hp.
Unknown command.
You closely miss the orc priest. You tail-slap the orc priest.
Eustachio hits you but does no damage. The orc barely misses you.
The orc closely misses you. 😮 HP[+1]
You hit the orc priest.
You kill the orc priest!
The ufetubus slips past you! The ufetubus hits you.
The ufetubus barely misses you.
Eustachio casts a spell.
The orc closely misses you. x2; The ufetubus closely misses you.
The ufetubus hits you.
The ufetubus hits you but does no damage. x2
Unknown command. 😮 HP[-3]
You take 3 damage, and now have 23/45 hp.
You closely miss the ufetubus.
Your tail-slap misses the ufetubus.
The ufetubus barely misses you. x2
Eustachio mumbles some strange words.
The orc closely misses you. The orc hits you with a +0 hand axe.
* * * LOW HITPOINT WARNING * * *
The ufetubus closely misses you.
The ufetubus hits you but does no damage. 😨 HP[-3]
You take 3 damage, and now have 20/45 hp.
Unknown command.
You hit the orc. The ufetubus barely misses you. x2
The rat closely misses you. The ufetubus hits you.
* * * LOW HITPOINT WARNING * * *
The ufetubus hits you.
* * * LOW HITPOINT WARNING * * *
Eustachio hits you with a +0 rapier.
* * * LOW HITPOINT WARNING * * *
The orc hits you with a +0 hand axe.
* * * LOW HITPOINT WARNING * * *
The ufetubus barely misses you.
The ufetubus hits you but does no damage. 😨 HP[-8]
You take 8 damage, and now have 12/45 hp.
Unknown command.
You hit the orc. The ufetubus hits you.
* * * LOW HITPOINT WARNING * * *
The ufetubus closely misses you. The rat bites you.
* * * LOW HITPOINT WARNING * * *
The ufetubus hits you but does no damage.
The ufetubus hits you.
* * * LOW HITPOINT WARNING * * *
Eustachio mumbles some strange words.
Eustachio blinks!
The orc hits you with a +0 hand axe.
* * * LOW HITPOINT WARNING * * *
The orc hits you with a +0 war axe.
* * * LOW HITPOINT WARNING * * *
The orc barely misses you.
The ufetubus hits you but does no damage.
The ufetubus barely misses you. 😱 HP[-10]
You take 10 damage, and now have 2/45 hp.
MASSIVE DAMAGE!! (PAUSE) Unknown command.
The bat barely misses you. The ufetubus attacks as it pursues you!
The ufetubus misses you. The ufetubus barely misses you. The rat bites you.
You die...

Skill      XL: |  1  2  3  4  5 |
---------------+----------------+-----
Fighting       | 2 3 |  3.1
Shapeshifting  | 4 |  4.7
Unarmed Combat | 4 |  4.1
Dodging        | |  1.7

Action                     |  1- 3 |  4- 6 || total
---------------------------+-------+-------++-------
  Melee: Unarmed           |    43 |    32 ||    75
         Tailslap          |    11 |    12 ||    23
         Dagger            |    65 |    88 ||   153
         Punch             |     3 |     3 ||     6
    Use: Potion            |     1 |     5 ||     6
         Scroll            |     3 |     2 ||     5
   Stab: Sleeping          |     3 |       ||     3
 Armour: Skin              |    64 |   116 ||   180
  Dodge: Dodged            |    61 |   127 ||   188

Levels and vault maps discovered:
D:1:      dpeg_arrival_windows_large_door, layout_basic
D:2:      layout_basic
D:3:      layout_basic, serial_shops, nicolae_shop_just_a_little_nook,
          minmay_randomly_rotated_circles, uniq_robin
D:4:      layout_cave_pods, dancing_weapons_uskayaw, lemuel_doored_altar,
          nicolae_overflow_hidden_temple, tso_oasis_becter,
          minmay_temple_entry_hall, serial_demonic, serial_demonic_a,
          serial_demonic_e, serial_demonic_a, serial_demonic_e, uniq_duvessa,
          uniq_eustachio

Notes
Turn   | Place    | Note
-------+----------+-------------------------------------------
     0 | D:1      | kae the Draconian Shapeshifter began the quest for the Orb.
     0 | D:1      | Reached XP level 1. HP: 16/16 MP: 1/1
     0 | D:1      | magus.rc [v1.11.3]
    16 | D:1      | HP: 2/16 [jackal (3)]
   102 | D:1      | You fall into a shaft and drop 1 floor!
   117 | D:2      | Reached XP level 2. HP: 13/23 MP: 2/2
   343 | D:2      | Reached XP level 3. HP: 19/29 MP: 3/3
   432 | D:1      | Reached skill level 2 in Fighting
   532 | D:1      | You pick up a book of Blood and begin reading...
   532 | D:1      | You add the spells Sublimation of Blood, Wereblood and
                  | Summon Hydra to your library.
  1025 | D:2      | Reached XP level 4. HP: 36/36 MP: 4/4
  1073 | D:2      | Reached skill level 4 in Shapeshifting
  1609 | D:3      | You pick up a book of Dangerous Friends and begin
                  | reading...
  1609 | D:3      | You add the spells Summon Guardian Golem, Orb of
                  | Destruction and Spellforged Servitor to your library.
  1654 | D:3      | Noticed Robin
  1675 | D:3      | Killed Robin
  1679 | D:3      | Reached XP level 5. HP: 42/42 MP: 5/5
  2220 | D:3      | Found Difaisk's Distillery.
  2225 | D:3      | Bought a potion of curing for 30 gold pieces
  2225 | D:3      | Bought a potion of heal wounds for 50 gold pieces
  2225 | D:3      | Bought a potion of degeneration for 10 gold pieces
  2277 | D:4      | You pick up a book of Power and begin reading...
  2277 | D:4      | You add the spells Iskenderun's Battlesphere and Bombard to
                  | your library.
  2301 | D:4      | Found a bloodstained altar of Trog.
  2348 | D:4      | HP: 3/44 [white imp/puff of frost (14)]
  2352 | D:4      | Reached skill level 3 in Fighting
  2391 | D:4      | Found a glowing golden altar of the Shining One.
  2414 | D:4      | Reached skill level 4 in Unarmed Combat
  2429 | D:4      | Noticed Eustachio
  2445 | D:4      | HP: 9/45 [rat[Eustachio] (3)]
  2445 | D:4      | HP: 2/45 [orc/+0 war axe (3)]
  2446 | D:4      | Slain by a rat

Vanquished Creatures
  An orc priest (D:4)
  Robin (D:3)
  8 adders
  2 white imps (D:4)
  2 ufetubi (D:3)
  2 worms (D:2)
  4 bats
  9 endoplasms
  2 giant cockroaches
  10 goblins
  5 hobgoblins
  7 jackals (D:1)
  5 quokkas
  5 ball pythons
  4 frilled lizards
  9 kobolds
  7 rats
83 creatures vanquished.

Table legend:
 A = Non-vault XP
 B = Vault XP
 C = Vault XP percentage of total XP
 D = Non-vault monster count
 E = Vault monster count
 F = Vault count percentage of total count
                 A         B        C        D         E       F
            +---------+---------+-------+---------+---------+-------
      Total |     245 |      73 |  23.0 |      64 |      19 |  22.9
            +---------+---------+-------+---------+---------+-------
        D:1 |      45 |       0 |   0.0 |      25 |       0 |   0.0
        D:2 |      86 |       0 |   0.0 |      21 |       0 |   0.0
        D:3 |      44 |      53 |  54.6 |      14 |      17 |  54.8
        D:4 |      70 |      20 |  22.2 |       4 |       2 |  33.3
            +---------+---------+-------+---------+---------+-------

Skill      XL: |  1  2  3  4  5 |
---------------+----------------+-----
Fighting       | 2 3 |  3.1
Shapeshifting  | 4 |  4.7
Unarmed Combat | 4 |  4.1
Dodging        | |  1.7

Action                     |  1- 3 |  4- 6 || total
---------------------------+-------+-------++-------
  Melee: Unarmed           |    43 |    32 ||    75
         Tailslap          |    11 |    12 ||    23
         Dagger            |    65 |    88 ||   153
         Punch             |     3 |     3 ||     6
    Use: Potion            |     1 |     5 ||     6
         Scroll            |     3 |     2 ||     5
   Stab: Sleeping          |     3 |       ||     3
 Armour: Skin              |    64 |   116 ||   180
  Dodge: Dodged            |    61 |   127 ||   188

Illustrated notes

Table legend:
 A = Kills in this place as a percentage of kills in the entire game.
 B = Kills by you in this place as a percentage of kills by you in the entire game.
 C = Kills by friends in this place as a percentage of kills by friends in the entire game.
 D = Other kills in this place as a percentage of other kills in the entire game.
 E = Experience gained in this place as a percentage of experience gained in the entire game.
 F = Experience gained in this place divided by the number of levels of this place that you have seen.
                   A       B       C       D       E      F
               +-------+-------+-------+-------+-------+----------------------
         Total | 100.0 | 100.0 |   N/A |   N/A | 100.0 |  79.5
       Dungeon | 100.0 | 100.0 |   N/A |   N/A | 100.0 |  79.5
               +-------+-------+-------+-------+-------+----------------------

Table legend: (Time is in decaauts)
 A = Elapsed time spent in this place.
 B = Non-inter-level travel time spent in this place.
 C = Inter-level travel time spent in this place.
 D = Time resting spent in this place.
 E = Time spent auto-exploring this place.
 F = Levels seen in this place.
 G = Mean time per level.
                   A        B        C        D        E       F      G
               +--------+--------+--------+--------+--------+-----+--------+
         Total |   2456 |   2412 |     44 |    131 |   1773 |   4 |  614.0 |
       Dungeon |   2456 |   2412 |     44 |    131 |   1773 |   4 |  614.0 |
               +--------+--------+--------+--------+--------+-----+--------+

Top non-repeatable levels by time:
     D:2: 884 daAuts
     D:3: 759 daAuts
     D:1: 615 daAuts
     D:4: 196 daAuts
